 Dungeon Crawl Stone Soup version 0.27-a0-223-ge082b6e869 (webtiles) character file.

Game seed: 17653007000844194047

188 rebelwolf the Sneak (level 5, 0/45 HPs)
             Began as a Minotaur Brigand on Feb 2, 2021.
             Killed by nerve-wracking pain
             ... invoked by a shadow imp
              (11 damage)
             ... on level 3 of the Dungeon.
             The game lasted 00:04:53 (1719 turns).

rebelwolf the Sneak (Minotaur Brigand)              Turns: 1719, Time: 00:04:54

Health: 0/45       AC: 10    Str: 15 (17) XL:     5   Next: 39%
Magic:  4/4        EV:  6    Int:  7 (8)  God:
Gold:   201        SH:  0    Dex:  9 (11) Spells: 4/4 levels left

rFire    + . .     SeeInvis .   a - +2 dagger
rCold    . . .     Faith    .   (no shield)
rNeg     . . .     Spirit   .   l - +0 chain mail
rPois    .         Reflect  .   (helmet restricted)
rElec    .         Harm     .   c - +1 cloak
rCorr    .         Rampage  .   (no gloves)
Will     .....                  (no boots)
Stlth    ..........             (no amulet)
HPRegen  0.15/turn              (no ring)
MPRegen  0.09/turn              (no ring)

@: no status effects
A: retaliatory headbutt, horns 2, blurry vision 1, fire resistance 1
a: no special abilities


You were on level 3 of the Dungeon.
You visited 1 branch of the dungeon, and saw 3 of its levels.

You collected 201 gold pieces.

Inventory:

Hand Weapons
 a - a +2 dagger (weapon)
Missiles
 d - 23 poisoned darts (quivered)
 e - 2 curare-tipped darts
Armour
 c - a +1 cloak (worn)
 l - a +0 chain mail (worn)
Scrolls
 b - a scroll of identify
 g - a scroll of teleportation
 k - 3 scrolls of remove curse
Potions
 h - a potion of haste


   Skills:
 + Level 3.1 Fighting
 + Level 3.6 Short Blades
 + Level 2.5 Throwing
 + Level 0.8 Armour
 + Level 1.7 Dodging
 + Level 4.6 Stealth


You had 4 spell levels left.
You didn't know any spells.
Your spell library was empty.

Dungeon Overview and Level Annotations

Branches:
Dungeon (3/15)

Altars:

Annotations:
D:3 snetch's ghost, weakling GnWz


Innate Abilities, Weirdness & Mutations

You reflexively headbutt those who attack you in melee.
You have a pair of horns on your head.
Scrolls take you a little longer to read.
Your flesh is heat resistant. (rF+)


Message History

You furiously retaliate!
You headbutt the bullfrog skeleton. The crimson imp hits you.
* * * LOW HITPOINT WARNING * * *
Snetch's ghost hits you but does no damage.
The adder zombie closely misses you.
The shadow imp hits you but does no damage.
You hit snetch's ghost.
Snetch's ghost is almost destroyed.
The bullfrog skeleton barely misses you.
The crimson imp blinks!
The adder zombie closely misses you.
Snetch's ghost hits you but does no damage.
Unknown command.
You closely miss snetch's ghost.
Snetch's ghost is almost destroyed.
The bullfrog skeleton hits you.
* * * LOW HITPOINT WARNING * * *
The shadow imp shouts, "Give up, thou puking beetle-headed horn-beast!"
The shadow imp gestures at you. Pain shoots through your body!
You die...

.##### ......
.............. .#####
#...######### ##
#...#........
#...#....... .
#...#..###.### .#.
#...#..#8#.#8#..#.
#####...#...5......(#.
#......©#..ZW@©..../#©
#.###...#..5ZZ§....$#.
#
##.#...>.#..#8#.#8#..#.
.. ........#..###.###
.#. .# #.#.#...#...?.?.
. .###.#.##..#....)...
...†.......#########
.##....##............
.##.....<......###


You could see snetch's ghost, a crimson imp (summoned), a shadow imp, an adder
zombie, an adder skeleton and a bullfrog skeleton.

Vanquished Creatures
  A black bear (D:3)
  5 adders (D:2)
  2 oozes
  An adder skeleton (D:3)
  3 dart slugs (D:1)
  A leopard gecko (D:2)
  An orc (D:3)
  A ball python (D:2)
  2 bats
  3 giant cockroaches
  5 goblins
  4 hobgoblins
  3 kobolds
  A quokka (D:3)
  2 frilled lizards (D:2)
  3 rats (D:2)
38 creatures vanquished.

Notes
Turn   | Place    | Note
-------+----------+-------------------------------------------
     0 | D:1      | rebelwolf the Minotaur Brigand began the quest for the Orb.
     0 | D:1      | Reached XP level 1. HP: 18/18 MP: 0/0
   332 | D:1      | Reached XP level 2. HP: 25/25 MP: 1/1
   525 | D:1      | Reached skill level 4 in Stealth
   995 | D:2      | Reached XP level 3. HP: 26/30 MP: 2/2
  1154 | D:2      | Reached XP level 4. HP: 37/37 MP: 3/3
  1503 | D:2      | Gained mutation: You evolve. [potion of mutation]
  1503 | D:2      | Gained mutation: You are occasionally teleported next to
                  | monsters. [potion of mutation]
  1503 | D:2      | Gained mutation: Your mind is acute. (Int +2) [potion of
                  | mutation]
  1504 | D:2      | Lost mutation: Your mind is acute. (Int +2) [potion of
                  | mutation]
  1504 | D:2      | Lost mutation: You evolve. [potion of mutation]
  1504 | D:2      | Lost mutation: You are occasionally teleported next to
                  | monsters. [potion of mutation]
  1504 | D:2      | Gained mutation: Scrolls take you a little longer to read.
                  | [potion of mutation]
  1504 | D:2      | Gained mutation: Your flesh is heat resistant. (rF+)
                  | [potion of mutation]
  1582 | D:3      | Noticed a black bear
  1595 | D:3      | Killed a black bear
  1596 | D:3      | Reached XP level 5. HP: 41/45 MP: 4/4
  1676 | D:3      | Found a transporter.
  1683 | D:3      | Noticed snetch's ghost (weakling GnWz)
  1719 | D:3      | Killed from afar by a shadow imp

Illustrated notes

Levels and vault maps discovered:
D:1:      ncdulo_wetmaze, layout_basic
D:2:      layout_rooms
D:3:      layout_loops_ring, gammafunk_ghost_mausoleum, columned_hall_lemuel,
          uniq_grinder

Skill      XL: |  1  2  3  4 |
---------------+-------------+-----
Stealth        | 4 |  4.6
Fighting       | 3 |  3.1
Short Blades   | 3 |  3.6
Throwing       | |  2.5
Armour         | |  0.8
Dodging        | |  1.7

Action                   |  1- 3 |  4- 6 || total
-------------------------+-------+-------++-------
Melee: Dagger            |    58 |    69 ||   127
       Headbutt          |     4 |     9 ||    13
Throw: Dart              |     7 |     5 ||    12
  Use: Scroll            |     4 |     2 ||     6
       Potion            |       |     7 ||     7
Armor: Chain mail        |    27 |    64 ||    91
       Robe              |     5 |       ||     5
Dodge: Dodged            |    29 |    35 ||    64

Table legend: (Time is in decaauts)
 A = Elapsed time spent in this place.
 B = Non-inter-level travel time spent in this place.
 C = Inter-level travel time spent in this place.
 D = Time resting spent in this place.
 E = Time spent auto-exploring this place.
 F = Levels seen in this place.
 G = Mean time per level.
                   A        B        C        D        E       F      G
               +--------+--------+--------+--------+--------+-----+--------+
         Total |   1700 |   1665 |     35 |    220 |    913 |   3 |  566.7 |
       Dungeon |   1700 |   1665 |     35 |    220 |    913 |   3 |  566.7 |
               +--------+--------+--------+--------+--------+-----+--------+

Top non-repeatable levels by time:
     D:1: 979 daAuts
     D:2: 567 daAuts
     D:3: 154 daAuts
